 Dungeon Crawl Stone Soup version 0.18-a0-943-g2c08dd4 (webtiles) character file.

238 Duffy the Shooter (level 5, -1/36 HPs)
             Began as a High Elf Hunter on Dec 29, 2015.
             Succumbed to a worker ant's poison
             ... on level 5 of the Dungeon.
             The game lasted 00:04:18 (3944 turns).

Duffy the Shooter (High Elf Hunter)                 Turns: 3944, Time: 00:04:18

Health: -1/36      AC:  6    Str: 12    XL:     5   Next: 78%
Magic:  1/6        EV: 11    Int: 14    God:
Gold:   177        SH:  0    Dex: 18    Spells: 0 memorised, 4 levels left

rFire  + . .     SeeInvis .     b - +0 short sword
rCold  . . .     Gourm    .     r - +0 scale mail
rNeg   . . .     Faith    .     (no shield)
rPois  .         Spirit   +     (no helmet)
rElec  .         Dismiss  .     (no cloak)
rCorr  .         Reflect  .     (no gloves)
SustAt .         Harm     .     (no boots)
MR     .....                    x - amulet of guardian spirit
Stlth  +.........               B - ring of protection from fire
                                o - +2 ring of dexterity

@: lethally poisoned (-1 -> -29), not resistant to hostile enchantments, very
unstealthy
A: no striking features
a: no special abilities


You were on level 5 of the Dungeon.
You were hungry.

You visited 1 branch of the dungeon, and saw 5 of its levels.

You collected 177 gold pieces.


   Skills:
 + Level 3.4 Fighting
 + Level 6.7 Bows
 + Level 4.4 Dodging
 - Level 2.2 Stealth


You had 4 spell levels left.
You didn't know any spells.

Inventory:

Hand Weapons
 a - a +1 shortbow
 b - a +0 short sword (weapon)
 C - a +3 short sword
Missiles
 d - 31 arrows
 p - 21 poisoned needles
 v - 11 arrows of flame
Armour
 l - a +0 ring mail
 r - a +0 scale mail (worn)
Jewellery
 o - a +2 ring of dexterity (left hand)
 x - an amulet of guardian spirit (around neck)
 y - an uncursed amulet of dismissal
 B - a ring of protection from fire (right hand)
Scrolls
 c - a scroll of random uselessness {unknown}
 e - a scroll of remove curse {unknown}
 g - 3 scrolls of enchant weapon {unknown}
 i - a scroll of recharging {unknown}
 n - a scroll of noise {unknown}
 q - 2 scrolls of immolation {unknown}
 s - 2 scrolls of identify {unknown}
 t - 2 scrolls of teleportation {unknown}
 E - a scroll of blinking {unknown}
Potions
 k - 2 potions of curing {unknown}
 m - a potion of brilliance {unknown}
 w - a potion of heal wounds {unknown}
 z - a potion of beneficial mutation {unknown}
 A - a potion of resistance
 D - a potion of poison {unknown}
Comestibles
 f - 3 bread rations
 h - 2 royal jellies
 j - a meat ration
 u - a beef jerky

Dungeon Overview and Level Annotations

Branches:
Dungeon (5/15)
 Temple: D:4-7

Altars:
Ashenzari
Dithmenos
Nemelex Xobeh
Sif Muna

Annotations:
D:3 Sigmund


Message History

The worker ant bites you.
You are more poisoned.
The worker ant poisons you! The worker ant bites you.
You are more poisoned.
The worker ant poisons you!
You are too injured to fight recklessly!
You are too injured to fight recklessly!
You are too injured to fight recklessly!
You are too injured to fight recklessly!
You are too injured to fight recklessly!
You are too injured to fight recklessly!
You are too injured to fight recklessly!
You are too injured to fight recklessly!
You are too injured to fight recklessly!
You are too injured to fight recklessly!
You are too injured to fight recklessly!
You are too injured to fight recklessly!
You are too injured to fight recklessly!
You are too injured to fight recklessly!
You hit the worker ant but do no damage.
The worker ant is heavily wounded.
You feel sick.
The worker ant bites you but does no damage.
You closely miss the worker ant.
The worker ant is heavily wounded.
You feel sick.
The worker ant bites you but does no damage.
You hit the worker ant.
The worker ant is severely wounded.
You feel sick. The worker ant bites you. The worker ant bites you.
You are more poisoned.
The worker ant poisons you!
You hit the worker ant.
The worker ant is almost dead.
You die...

########################
........................
.............[..........
............###.......#
##......### #.....###
#.....## ##....##
##...### #....## ##...##
##...## #...## #@..##
##..## #.a.## ##(.##
#(.## ##...# (.##
##...## ..# #...## ...
....# ...# ...## ....
...#


You could see a worker ant.

Action                   |  1- 3 |  4- 6 || total
-------------------------+-------+-------++-------
Melee: Short sword       |   240 |    69 ||   309
 Fire: Shortbow          |     8 |    21 ||    29
 Stab: Sleeping          |     2 |       ||     2
  Eat: Chunk             |     7 |     2 ||     9

Notes
Turn   | Place    | Note
--------------------------------------------------------------
     0 | D:1      | Duffy the High Elf Hunter began the quest for the Orb.
     0 | D:1      | Reached XP level 1. HP: 14/14 MP: 2/2
   451 | D:1      | Reached skill level 2 in Stealth
   463 | D:1      | Reached XP level 2. HP: 16/19 MP: 3/3
  1421 | D:2      | Reached XP level 3. HP: 24/24 MP: 4/4
  1903 | D:2      | Reached skill level 3 in Dodging
  2988 | D:2      | Reached XP level 4. HP: 6/30 MP: 5/5
  3234 | D:3      | Reached skill level 6 in Bows
  3291 | D:3      | Found a sparkling altar of Nemelex Xobeh.
  3504 | D:3      | Noticed Sigmund
  3516 | D:3      | Reached skill level 4 in Dodging
  3516 | D:3      | Reached XP level 5. HP: 31/36 MP: 6/6
  3630 | D:5      | Entered Level 5 of the Dungeon
  3787 | D:5      | Found a deep blue altar of Sif Muna.
  3792 | D:5      | Found a shattered altar of Ashenzari.
  3792 | D:5      | Found a shadowy altar of Dithmenos.
  3833 | D:5      | Noticed an ice beast
  3847 | D:5      | Killed an ice beast
  3847 | D:5      | Reached skill level 3 in Fighting
  3944 | D:5      | Succumbed to a worker ant's poison

Vault maps used:
D:1:      dpeg_arrival_rooms_b, nrook_loot_triangle, minmay_tree_intersection
D:3:      marbit_many_paths, nemelex_xobeh_ov_fountains_minmay,
          nicolae_overflow_hidden_temple, uniq_sigmund
D:4:      lemuel_castle_with_subvaults, uniq_duvessa
D:5:      minmay_thick_lines, grunt_temple_overflow_open, serial_shops,
          kennysheep_little_box, first_bread, basic_altar,
          kennysheep_generic_room_14

Vanquished Creatures
  An ice beast
  A hound
  An orc wizard
  An adder
  A worm
  A giant gecko
  4 orcs
  A ball python
  8 bats
  2 giant cockroaches
  10 hobgoblins
  11 jackals
  9 kobolds
  A quokka
  2 giant newts
  7 goblins
  5 rats
66 creatures vanquished.
